3AA
RICHLAND RAILS @ FT. POLK SOUTH THUNDER HAWKS
08/09/2027
 
TOP OF THE 1ST
Richland Rails batting - Pitching for Ft. Polk South Thunder Hawks : RHP Louis McDowell
Pitching: RHP Louis McDowell
Batting: RHB Fernando Granados 0-0: Called Strike
0-1: SINGLE (Flyball, 9LS)
Batting: LHB Armando Peńa 0-0: Called Strike
Pickoff Throw to First - Error! E1
Fernando Granados to second
Balk!
Fernando Granados to third
0-1: Foul Ball, location: 2F
0-2: Foul Ball, location: 2F
0-2: Ball
1-2: Foul Ball, location: 2F
1-2: Foul Ball, location: 2F
1-2: Foul Ball, location: 2F
1-2: Foul Ball, location: 2F
1-2: Ball
2-2: 2-RUN HOME RUN (Flyball, 89XD), Distance : 372 ft
Batting: RHB Michael Bradshaw 0-0: Foul Ball, location: 2F
0-1: Fly out, F9 (Flyball, 9LS)
Batting: SHB Pablo Coloa 0-0: Ground out 4-3 (Groundball, 4)
Batting: RHB Kazu Hishida 0-0: Ball
1-0: SINGLE (Line Drive, 78S)
Batting: RHB Christian Gentry 0-0: Fly out, F7 (Line Drive, 7)
Top of the 1st over - 2 run(s), 3 hit(s), 1 error(s), 1 left on base; Richland 2 - Ft. Polk South 0
BOTTOM OF THE 1ST
Ft. Polk South Thunder Hawks batting - Pitching for Richland Rails : RHP Gary Kellenberger
Pitching: RHP Gary Kellenberger
Batting: RHB Jorge Flores 0-0: Ball
1-0: Ground out 4-3 (Groundball, 4)
Batting: RHB Jesús Torres 0-0: Swinging Strike
0-1: Ball
1-1: Bunt for hit - play at first, batter OUT! 2-3
Batting: RHB Walt Shelton 0-0: Foul Ball, location: 2F
0-1: Foul Ball, location: 2F
0-2: Ball
1-2: Ball
2-2: Foul Ball, location: 2F
2-2: Ground out 6-3 (Groundball, 6M)
Bottom of the 1st over - 0 run(s), 0 hit(s), 0 error(s), 0 left on base; Richland 2 - Ft. Polk South 0
TOP OF THE 2ND
Richland Rails batting - Pitching for Ft. Polk South Thunder Hawks : RHP Louis McDowell
Batting: RHB Quigley Gibson 0-0: Ball
1-0: Ball
2-0: Ball
3-0: Called Strike
3-1: Foul Ball, location: 2F
3-2: Strikes out looking
Batting: RHB Lee Faught 0-0: Ball
1-0: Ball
2-0: Called Strike
2-1: Ground out 4-3 (Groundball, 34)
Batting: LHB Dave Watts 0-0: Called Strike
0-1: Ball
1-1: Called Strike
1-2: Ball
2-2: Foul Ball, location: 2F
2-2: Ball
3-2: Base on Balls
Batting: RHB Fernando Granados 0-0: Ball
1-0: Called Strike
1-1: Ball
2-1: SINGLE (Groundball, 34D)
Dave Watts to second
Runner from 2nd tries for 3rd, SAFE, throw made to third
Fernando Granados to second
Batting: LHB Armando Peńa 0-0: Ball
1-0: Fly out, F6 (Line Drive, 6M)
Top of the 2nd over - 0 run(s), 1 hit(s), 0 error(s), 2 left on base; Richland 2 - Ft. Polk South 0
BOTTOM OF THE 2ND
Ft. Polk South Thunder Hawks batting - Pitching for Richland Rails : RHP Gary Kellenberger
Batting: RHB José Morín 0-0: Swinging Strike
0-1: Ball
1-1: Fly out, F6 (Popup, 6MD)
Batting: SHB Lowell Mullins 0-0: Ball
1-0: Ball
2-0: Called Strike
2-1: Called Strike
2-2: Ball
3-2: Foul Ball, location: 2F
3-2: Base on Balls
Batting: LHB Kelly Drijver 0-0: Ball
1-0: Fly out, F6 (Line Drive, 6)
Batting: RHB Peter Agulera 0-0: Ball
1-0: Ground out 1-3 (Groundball, 13)
Bottom of the 2nd over - 0 run(s), 0 hit(s), 0 error(s), 1 left on base; Richland 2 - Ft. Polk South 0
TOP OF THE 3RD
Richland Rails batting - Pitching for Ft. Polk South Thunder Hawks : RHP Louis McDowell
Batting: RHB Michael Bradshaw 0-0: Ball
1-0: Called Strike
1-1: Ball
2-1: Ball
3-1: Called Strike
3-2: Foul Ball, location: 2F
3-2: Foul Ball, location: 2F
3-2: Foul Ball, location: 2F
3-2: Strikes out swinging
Batting: SHB Pablo Coloa 0-0: SINGLE (Line Drive, 89S)
Batting: RHB Kazu Hishida 0-0: Ball
1-0: Ball
Pablo Coloa steals 2nd base
2-0: Ground out 6-3 (Groundball, 6)
Pablo Coloa to third
Batting: RHB Christian Gentry 0-0: Ball
1-0: Ball
2-0: Foul Ball, location: 2F
2-1: Ball
3-1: Called Strike
3-2: Foul Ball, location: 2F
3-2: Strikes out looking
Top of the 3rd over - 0 run(s), 1 hit(s), 0 error(s), 1 left on base; Richland 2 - Ft. Polk South 0
BOTTOM OF THE 3RD
Ft. Polk South Thunder Hawks batting - Pitching for Richland Rails : RHP Gary Kellenberger
Batting: RHB Gregory Shankland 0-0: Called Strike
0-1: Ball
1-1: Ball
2-1: Foul Ball, location: 2F
2-2: Ball
3-2: Ground out 5-3 (Groundball, 56)
Batting: RHB David Phipps 0-0: Ball
1-0: Ground out 4-3 (Groundball, 4MS)
Batting: RHB Jorge Flores 0-0: Called Strike
0-1: Called Strike
0-2: Ball
1-2: Ground out 5-3 (Groundball, 56S)
Bottom of the 3rd over - 0 run(s), 0 hit(s), 0 error(s), 0 left on base; Richland 2 - Ft. Polk South 0
TOP OF THE 4TH
Richland Rails batting - Pitching for Ft. Polk South Thunder Hawks : RHP Louis McDowell
Batting: RHB Quigley Gibson 0-0: Foul Ball, location: 2F
0-1: Ball
1-1: Ball
2-1: Ball
3-1: Swinging Strike
3-2: Ground out 6-3 (Groundball, 6)
Batting: RHB Lee Faught 0-0: SINGLE (Groundball, 6MD)
Batting: LHB Dave Watts 0-0: Foul Ball, location: 2F
0-1: Ball
1-1: Ball
2-1: Ball
3-1: Foul Ball, location: 2F
3-2: SINGLE (Groundball, 6S) (infield hit)
Lee Faught to second
Pitching: RHP Joey Hamman
Batting: RHB Fernando Granados 0-0: SINGLE (Line Drive, 56)
Lee Faught to third
Dave Watts to second
Runner from 3rd tries for Home, SAFE, throw made home
Dave Watts to third
Fernando Granados to second
Batting: LHB Armando Peńa 0-0: Ball
1-0: Called Strike
1-1: Called Strike
1-2: Ball
2-2: Ball
3-2: Foul Ball, location: 2F
3-2: Fly out, F8 (Flyball, 8LXD)
Runner from 3rd tags up, SCORES, no throw
Fernando Granados to third
Batting: RHB Michael Bradshaw 0-0: Ball
1-0: Foul Ball, location: 2F
1-1: Foul Ball, location: 2F
1-2: Ball
2-2: Ball
3-2: Fly out, F8 (Flyball, 8RM)
Top of the 4th over - 2 run(s), 3 hit(s), 0 error(s), 1 left on base; Richland 4 - Ft. Polk South 0
BOTTOM OF THE 4TH
Ft. Polk South Thunder Hawks batting - Pitching for Richland Rails : RHP Gary Kellenberger
Batting: RHB Jesús Torres 0-0: Called Strike
0-1: SINGLE (Line Drive, 5D)
Batting: RHB Walt Shelton 0-0: Called Strike
0-1: Called Strike
Jesús Torres steals 2nd base
0-2: Fly out, F5 (Line Drive, 5)
Batting: RHB José Morín 0-0: Hit by Pitch
Batting: SHB Lowell Mullins 0-0: Ball
1-0: Called Strike
1-1: Foul Ball, location: 2F
1-2: Fly out, F4 (Popup, 4MD)
Batting: LHB Kelly Drijver 0-0: Ball
1-0: Called Strike
1-1: Fly out, F7 (Flyball, 7LSF)
Bottom of the 4th over - 0 run(s), 1 hit(s), 0 error(s), 2 left on base; Richland 4 - Ft. Polk South 0
TOP OF THE 5TH
Richland Rails batting - Pitching for Ft. Polk South Thunder Hawks : RHP Joey Hamman
Batting: SHB Pablo Coloa 0-0: Fly out, F7 (Flyball, 78M)
Batting: RHB Kazu Hishida 0-0: Ball
1-0: Ground out 5-3 (Groundball, 56)
Batting: RHB Christian Gentry 0-0: Foul Ball, location: 2F
0-1: Ball
1-1: Hit by Pitch
Pinch Runner at 1st Valentín Salas:
Batting: RHB Quigley Gibson 0-0: Ball
1-0: Called Strike
1-1: Called Strike
1-2: Ball
Valentín Salas steals 2nd base
2-2: Strikes out looking
Top of the 5th over - 0 run(s), 0 hit(s), 0 error(s), 1 left on base; Richland 4 - Ft. Polk South 0
BOTTOM OF THE 5TH
Ft. Polk South Thunder Hawks batting - Pitching for Richland Rails : RHP Gary Kellenberger
Now in LF: Valentín Salas
Batting: RHB Peter Agulera 0-0: Ball
1-0: Foul Ball, location: 2F
1-1: Ball
2-1: Ball
3-1: Foul Ball, location: 2F
3-2: Fly out, F3 (Line Drive, 34S)
Batting: RHB Gregory Shankland 0-0: Ball
1-0: Ball
2-0: SINGLE (Groundball, 56D)
Batting: RHB David Phipps 0-0: Foul Ball, location: 2F
0-1: Swinging Strike
0-2: Ball
1-2: Foul Ball, location: 2F
1-2: Foul Ball, location: 2F
1-2: Ball
2-2: Strikes out swinging
Batting: RHB Jorge Flores 0-0: Called Strike
0-1: Called Strike
0-2: Ball
Wild Pitch!
Gregory Shankland to second
1-2: Ball
2-2: Strikes out looking
Bottom of the 5th over - 0 run(s), 1 hit(s), 0 error(s), 1 left on base; Richland 4 - Ft. Polk South 0
TOP OF THE 6TH
Richland Rails batting - Pitching for Ft. Polk South Thunder Hawks : RHP Joey Hamman
Batting: RHB Lee Faught 0-0: Called Strike
0-1: Ball
1-1: Fly out, F6 (Line Drive, 6)
Batting: LHB Dave Watts 0-0: Ball
1-0: SINGLE (Flyball, 7S)
Batting: RHB Fernando Granados 0-0: Called Strike
0-1: Called Strike
0-2: Strikes out swinging
Batting: LHB Armando Peńa 0-0: Called Strike
0-1: Ball
1-1: Fly out, F3 (Popup, 3L)
Top of the 6th over - 0 run(s), 1 hit(s), 0 error(s), 1 left on base; Richland 4 - Ft. Polk South 0
BOTTOM OF THE 6TH
Ft. Polk South Thunder Hawks batting - Pitching for Richland Rails : RHP Gary Kellenberger
Batting: RHB Jesús Torres 0-0: Ground out 6-3 (Groundball, 56)
Batting: RHB Walt Shelton 0-0: Called Strike
0-1: SINGLE (Line Drive, 78S)
Batting: RHB José Morín 0-0: Ball
1-0: Ball
2-0: Ball
3-0: Called Strike
3-1: Foul Ball, location: 2F
3-2: Foul Ball, location: 2F
3-2: Base on Balls
Walt Shelton to second
Batting: SHB Lowell Mullins 0-0: SINGLE (Flyball, 7S)
Walt Shelton to third
José Morín to second
Runner from 3rd tries for Home, SAFE, no throw
Batting: LHB Kelly Drijver 0-0: Ball
1-0: Ball
José Morín is caught stealing 3rd base
Lowell Mullins to second
2-0: Foul Ball, location: 2F
2-1: Swinging Strike
2-2: Strikes out swinging
Bottom of the 6th over - 1 run(s), 2 hit(s), 0 error(s), 1 left on base; Richland 4 - Ft. Polk South 1
TOP OF THE 7TH
Richland Rails batting - Pitching for Ft. Polk South Thunder Hawks : RHP Joey Hamman
Batting: RHB Michael Bradshaw 0-0: Foul Ball, location: 2F
0-1: Ball
1-1: Called Strike
1-2: Ball
2-2: Foul Ball, location: 2F
2-2: Ball
3-2: Fly out, F9 (Flyball, 9LSF)
Batting: SHB Pablo Coloa 0-0: Ball
1-0: Called Strike
1-1: Foul Ball, location: 2F
1-2: Foul Ball, location: 2F
1-2: Fly out, F3 (Line Drive, 34)
Batting: RHB Kazu Hishida 0-0: Ball
1-0: Ball
2-0: Ball
3-0: Called Strike
3-1: Foul Ball, location: 2F
3-2: Foul Ball, location: 2F
3-2: Base on Balls
Pitching: RHP Gil Reeves
Batting: LHB Valentín Salas 0-0: Called Strike
0-1: Ball
1-1: Ball
Kazu Hishida is caught stealing 2nd base
Top of the 7th over - 0 run(s), 0 hit(s), 0 error(s), 0 left on base; Richland 4 - Ft. Polk South 1
BOTTOM OF THE 7TH
Ft. Polk South Thunder Hawks batting - Pitching for Richland Rails : RHP Gary Kellenberger
Batting: RHB Peter Agulera 0-0: Fly out, F9 (Flyball, 9)
Batting: RHB Gregory Shankland 0-0: Called Strike
0-1: Foul Ball, location: 2F
0-2: Foul Ball, location: 2F
0-2: Strikes out swinging
Batting: RHB David Phipps 0-0: Called Strike
0-1: Foul Ball, location: 2F
0-2: Ball
1-2: Ball
2-2: Foul Ball, location: 2F
2-2: Fly out, F8 (Flyball, 8RS)
Bottom of the 7th over - 0 run(s), 0 hit(s), 0 error(s), 0 left on base; Richland 4 - Ft. Polk South 1
TOP OF THE 8TH
Richland Rails batting - Pitching for Ft. Polk South Thunder Hawks : RHP Gil Reeves
Batting: LHB Valentín Salas 0-0: Swinging Strike
0-1: Ball
1-1: Fly out, F9 (Flyball, 89M)
Batting: RHB Quigley Gibson 0-0: Ball
1-0: Ball
2-0: Foul Ball, location: 2F
2-1: Called Strike
2-2: Strikes out swinging
Batting: RHB Lee Faught 0-0: Ball
1-0: Ground out 6-3 (Groundball, 6)
Top of the 8th over - 0 run(s), 0 hit(s), 0 error(s), 0 left on base; Richland 4 - Ft. Polk South 1
BOTTOM OF THE 8TH
Ft. Polk South Thunder Hawks batting - Pitching for Richland Rails : RHP Gary Kellenberger
Pitching: LHP Roberto Guillén
Batting: RHB Jorge Flores 0-0: SINGLE (Line Drive, 56D)
Pitching: RHP Miguel Hernández
Batting: RHB Jesús Torres 0-0: Ball
1-0: SINGLE (Groundball, 56D)
Jorge Flores to second
Batting: RHB Walt Shelton 0-0: Ball
1-0: Foul Ball, location: 2F
1-1: Foul Ball, location: 2F
1-2: Foul Ball, location: 2F
1-2: SINGLE (Groundball, 6S) (infield hit)
Jorge Flores to third
Jesús Torres to second
Pinch Hitting: LHB Jim Unknown 0-0: Ball
1-0: Foul Ball, location: 2F
1-1: SINGLE (Line Drive, 6)
Jorge Flores scores
Jesús Torres to third
Walt Shelton to second
Runner from 3rd tries for Home, SAFE, no throw
Pinch Hitting: RHB César Villarreal 0-0: Called Strike
0-1: Reached on error, E4 (Groundball, 4)
Walt Shelton to third
Jim Unknown to second
Batting: LHB Kelly Drijver 0-0: Ball
1-0: GRAND SLAM HOME RUN (Flyball, 89XD), Distance : 385 ft
Pitching: LHP Bart Gresham
Batting: RHB Peter Agulera 0-0: Ball
1-0: Ball
2-0: Foul Ball, location: 2F
2-1: Fly out, F8 (Line Drive, 89D)
Batting: RHB Gregory Shankland 0-0: Ball
1-0: SOLO HOME RUN (Flyball, 8LXD), Distance : 420 ft
Batting: RHB David Phipps 0-0: Called Strike
0-1: Ball
1-1: Ball
2-1: Swinging Strike
2-2: Foul Ball, location: 2F
2-2: Ball
3-2: Base on Balls
Batting: RHB Jorge Flores 0-0: Foul Ball, location: 2F
0-1: Foul Ball, location: 2F
0-2: Ball
David Phipps steals 2nd base
1-2: Ball
2-2: Ball
3-2: Intentional Walk
Batting: RHB Jesús Torres 0-0: Foul Ball, location: 2F
0-1: Swinging Strike
0-2: Ball
1-2: Ball
2-2: Foul Ball, location: 2F
2-2: Strikes out swinging
Batting: RHB Walt Shelton 0-0: Swinging Strike
0-1: Foul Ball, location: 2F
0-2: Ball
1-2: Ball
2-2: Strikes out looking
Bottom of the 8th over - 7 run(s), 6 hit(s), 1 error(s), 2 left on base; Richland 4 - Ft. Polk South 8
TOP OF THE 9TH
Richland Rails batting - Pitching for Ft. Polk South Thunder Hawks : RHP Gil Reeves
Now at 1B: Jim Unknown
Now at SS: Augusto Escobar
Batting: LHB Dave Watts 0-0: Called Strike
0-1: Ground out 4-3 (Groundball, 4)
Batting: RHB Fernando Granados 0-0: Swinging Strike
0-1: Ball
1-1: Foul Ball, location: 2F
1-2: Strikes out swinging
Batting: LHB Armando Peńa 0-0: Called Strike
0-1: Fly out, F7 (Flyball, 7LS)
Top of the 9th over - 0 run(s), 0 hit(s), 0 error(s), 0 left on base; Richland 4 - Ft. Polk South 8
Saturday, May 26th, 2018 - OOTP Baseball 17.12 Build 75